 Dungeon Crawl Stone Soup version 0.31-a0-75-g6fe912e8c5 (webtiles) character file.

Game seed: 7044047950106840391

335 greasedhog the Ruffian (level 6, 0/61 HPs)
             Began as a Troll Fighter on May 24, 2023.
             Slain by a gnoll
             ... wielding a +2 flail of protection
             ... led by a gnoll bouda
              (2 damage)
             ... on level 4 of the Dungeon.
             The game lasted 00:03:28 (3190 turns).

greasedhog the Ruffian (Troll Fighter)              Turns: 3190, Time: 00:03:29

Health: 0/61       AC:  5    Str: 25    XL:     6   Next: 28%
Magic:  5/5        EV:  8    Int:  6    God:
Gold:   159        SH:  8    Dex:  9    Spells: 5/5 levels left

rFire   . .          .
                       - Unarmed
rCold   . . .        b - +0 kite shield
rNeg    . . .        a - +0 robe
rPois   .            (helmet restricted)
rElec   .            p - +0 cloak
rCorr   .            (gloves unavailable)
SInv    .            (boots unavailable)
Will    .....        (no amulet)
Stlth   +            (no ring)
HPRegen 1.10/turn    (no ring)
MPRegen 0.09/turn

%: no passive effects
@: no status effects
A: large, unfitting armour, claws 3, regeneration 1, shaggy fur 1, tough skin 1
a: no special abilities


You were on level 4 of the Dungeon.
You visited 1 branch of the dungeon, and saw 5 of its levels.

You collected 159 gold pieces.

Inventory:

Armour
 a - a +0 robe (worn)
 b - a +0 kite shield (worn)
 p - a +0 cloak (worn)
Jewellery
 e - a ring of fire
Wands
 q - a wand of mindburst (14)
Scrolls
 g - a scroll of summoning
 i - a scroll of poison
 j - 3 scrolls of fog
 k - a scroll of vulnerability {unknown}
 l - a scroll of magic mapping {unknown}
 n - a scroll of teleportation {unknown}
 r - a scroll of amnesia {unknown}
Potions
 c - 2 potions of might
 d - 2 potions of heal wounds
 f - a potion of resistance {unknown}
 h - 2 potions of curing
 o - a potion of enlightenment {unknown}


   Skills:
 + Level 3.5 Fighting
 - Level 2.4 Dodging
 + Level 3.9 Shields
 * Level 4.9 Unarmed Combat


You had 5 spell levels left.
You didn't know any spells.
Your spell library contained the following spells:

 Spells                   Type           Power      Damage    Failure   Level
 Scorch                   Fire           0%         2d5       83%         2
 Dazzling Flash           Conj/Hex       0%         N/A       97%         3
 Volatile Blastmotes      Fire/Tloc      0%         2d10      97%         3
 Flame Wave               Conj/Fire      0%         2d4       100%        4
 Iskenderun's Mystic Bla  Conj/Tloc      0%         2d3       100%        4
 Starburst                Conj/Fire      0%         6d3       100%        6
 Summon Cactus Giant      Summ           0%         N/A       100%        6
 Chain Lightning          Conj/Air       0%         N/A       100%        9
 Fire Storm               Conj/Fire      0%         5d1       100%        9
 Shatter                  Erth           0%         3d5*      100%        9


Dungeon Overview and Level Annotations

Branches:
Dungeon (5/15)
 Temple: D:4-7

Altars:
Dithmenos
Fedhas
Trog
Uskayaw


Innate Abilities, Weirdness & Mutations

You are too large for most types of armour.
You have claws for hands.
Your natural rate of healing is unusually fast.
You are covered in fur. (AC +1)
You have tough skin. (AC +1)


Message History

The gnoll bouda calls upon its god to heal the gnoll.
The gnoll is healed somewhat.
The gnoll hits you with a +0 club!
* * * LOW HITPOINT WARNING * * *
The gnoll closely misses you. The gnoll hits you but does no damage.
The gnoll throws a throwing net.
You block the throwing net.
There is a stone staircase leading up here.
You see here a throwing net.
The gnoll hits you but does no damage.
You climb upwards.
There is a stone staircase leading down here.
You closely miss the gnoll.
The gnoll is lightly wounded.
You block the gnoll's attack.
You claw the gnoll!
The gnoll is severely wounded.
The gnoll is no longer moving quickly.
The gnoll hits you with a +2 flail of protection.
* * * LOW HITPOINT WARNING * * *
You scratch the gnoll.
The gnoll is almost dead.
The gnoll hits you with a +2 flail of protection!
* * * LOW HITPOINT WARNING * * *
You barely miss the gnoll.
The gnoll is almost dead.
The gnoll hits you with a +2 flail of protection.
* * * LOW HITPOINT WARNING * * *
You scratch the gnoll but do no damage.
The gnoll is almost dead.
You block the gnoll's attack.
You barely miss the gnoll.
The gnoll is almost dead.
The gnoll hits you with a +2 flail of protection.
* * * LOW HITPOINT WARNING * * *
You closely miss the gnoll.
The gnoll is almost dead.
The gnoll hits you with a +2 flail of protection.
Bones file is buggy: /crawl-master/crawl-git/saves/bones/bones.store.D-4 Clearing bad bones file: /crawl-master/crawl-git/saves/bones/bones.store.D-4 You die...

#................#.#
#............#######
#...........##
..........### ###
...##...### ##.#
...#......#######.##
..#.....#........##
......####.....#.#
.....## ##..###@#
.....# #..# #g#
.....## #..# #.#
......# #..# #.#
......## ##.###.#
..#....#####..#..#
.........##......###
#########..........#
#...###.####


You could see a gnoll.

Vanquished Creatures
  An ogre (D:4)
  A hound (D:5)
  Crazy Yiuf (D:4)
  An iguana (D:5)
  Jessica (D:2)
  A gnoll (D:5)
  5 adders
  A white imp (D:5)
  An adder skeleton (D:2)
  A worm (D:2)
  A dart slug (D:2)
  5 orcs
  6 bats
  8 endoplasms
  3 giant cockroaches (D:1)
  4 goblins
  2 hobgoblins (D:1)
  3 jackals (D:2)
  A quokka (D:4)
  8 ball pythons
  2 ball python skeletons (D:2)
  A frilled lizard (D:3)
  6 kobolds
  4 rats
68 creatures vanquished.

Notes
Turn   | Place    | Note
-------+----------+-------------------------------------------
     0 | D:1      | greasedhog the Troll Fighter began the quest for the Orb.
     0 | D:1      | Reached XP level 1. HP: 22/22 MP: 0/0
     1 | D:1      | Noticed an electric eel
   101 | D:1      | Reached XP level 2. HP: 29/29 MP: 1/1
   439 | D:2      | Reached XP level 3. HP: 36/36 MP: 2/2
   538 | D:2      | Reached skill level 3 in Unarmed Combat
   640 | D:2      | Noticed Jessica
   647 | D:2      | Killed Jessica
   648 | D:2      | Reached XP level 4. HP: 40/44 MP: 3/3
  1487 | D:3      | Found a shadowy altar of Dithmenos.
  1530 | D:3      | Found a faded altar of an unknown god.
  1618 | D:3      | Found a bloodstained altar of Trog.
  1787 | D:4      | Found a blossoming altar of Fedhas.
  1825 | D:4      | Noticed an ogre
  1838 | D:4      | Killed an ogre
  1839 | D:4      | Reached skill level 4 in Unarmed Combat
  1839 | D:4      | Reached XP level 5. HP: 49/53 MP: 4/4
  1846 | D:4      | Identified the +3 trident of the Land of Plenty {distort,
                  | Int+4}
  2589 | D:4      | Found a runed translucent door.
  2590 | D:4      | Noticed Crazy Yiuf
  2596 | D:4      | Killed Crazy Yiuf
  2918 | D:5      | Entered Level 5 of the Dungeon
  2987 | D:5      | Found a hide-covered altar of Uskayaw.
  2991 | D:5      | Reached XP level 6. HP: 61/61 MP: 5/5
  3189 | D:4      | HP: 1/61 [gnoll/+2 flail of protection[a gnoll bouda] (5)]
  3190 | D:4      | Slain by a gnoll

Illustrated notes

Levels and vault maps discovered:
D:1:      arrival_aquarium_a, layout_rooms
D:2:      layout_loops_corners, serial_undead, serial_undead_a, serial_undead_d,
          serial_undead_a, serial_undead_f, uniq_jessica
D:3:      layout_rooms, grunt_dithmenos_smoke_and_mirrors,
          mainiacjoe_overflow_brackets, ebering_ecumenical_altar_rust,
          nicolae_concentric_dashed_squares_wild,
          nicolae_elevator_lobby_asterisk
D:4:      layout_layer_cave, fedhas_altar_1, uniq_crazy_yiuf_cottage
D:5:      layout_rooms, nicolae_qazlal_eye_of_the_storm,
          mainiacjoe_overflow_big_doors, serial_shops, shop,
          kennysheep_another_room, amethyst_killhole, minmay_misc_feat_columns,
          feat_on_display

Skill      XL: |  1  2  3  4 |
---------------+-------------+-----
Shields        | 3 |  3.9
Unarmed Combat | 3 4 |  4.9
Fighting       | 3 |  3.5
Dodging        | |  2.4

Action                     |  1- 3 |  4- 6 || total
---------------------------+-------+-------++-------
  Melee: Unarmed           |    69 |   108 ||   177
    Use: Scroll            |       |     4 ||     4
         Potion            |       |     2 ||     2
 Armour: Robe              |    23 |    34 ||    57
  Dodge: Dodged            |    26 |    25 ||    51
  Block: Kite shield       |    24 |    36 ||    60

Table legend: (Time is in decaauts)
 A = Elapsed time spent in this place.
 B = Non-inter-level travel time spent in this place.
 C = Inter-level travel time spent in this place.
 D = Time resting spent in this place.
 E = Time spent auto-exploring this place.
 F = Levels seen in this place.
 G = Mean time per level.
                   A        B        C        D        E       F      G
               +--------+--------+--------+--------+--------+-----+--------+
         Total |   3200 |   3111 |     89 |      0 |   2659 |   5 |  640.0 |
       Dungeon |   3200 |   3111 |     89 |      0 |   2659 |   5 |  640.0 |
               +--------+--------+--------+--------+--------+-----+--------+

Top non-repeatable levels by time:
     D:4: 1161 daAuts
     D:2: 930 daAuts
     D:1: 428 daAuts
     D:3: 415 daAuts
     D:5: 265 daAuts
